 Dungeon Crawl Stone Soup version 0.19.0-11-g3fc08b3 (webtiles) character file.

221 shmeve the Shield-Bearer (level 5, -5/46 HPs)
             Began as a Minotaur Berserker on Nov 10, 2016.
             Was a Believer of Trog.
             Slain by an orc warrior
             ... wielding a +0 hand axe
              (11 damage)
             ... on level 6 of the Dungeon.
             The game lasted 00:04:08 (2699 turns).

shmeve the Shield-Bearer (Minotaur Berserker)       Turns: 2699, Time: 00:04:09

Health: -5/46      AC:  2    Str: 22    XL:     5   Next: 65%
Magic:  4/4        EV: 12    Int:  4    God:    Trog [**....]
Gold:   130        SH:  0    Dex: 10    Spells: 0 memorised, 4 levels left

rFire  . . .     SeeInvis .     t - +0 war axe
rCold  . . .     Gourm    .     b - +0 animal skin
rNeg   . . .     Faith    .     (no shield)
rPois  .         Spirit   .     (helmet restricted)
rElec  .         Reflect  .     (no cloak)
rCorr  .         Harm     .     (no gloves)
MR     ++...                    (no boots)
Stlth  +.........               (no amulet)
                                (no ring)
                                (no ring)

@: exhausted, regenerating, slowed, very slow
A: retaliatory headbutt, horns 2
a: Berserk, Trog's Hand, Burn Spellbooks, Renounce Religion


You were on level 6 of the Dungeon.
You worshipped Trog.
Trog was pleased with you.
You were hungry.

You visited 1 branch of the dungeon, and saw 4 of its levels.

You collected 130 gold pieces.

Inventory:

Hand Weapons
 t - a +0 war axe (weapon)
Armour
 b - a +0 animal skin (worn)
 n - a +0 shield
Scrolls
 d - 4 scrolls of identify {unknown}
 g - a scroll of enchant weapon {unknown}
 j - a scroll of remove curse {unknown}
 k - a scroll of recharging {unknown}
 r - a scroll of teleportation {unknown}
Potions
 e - 2 potions of might {unknown}
 f - a potion of magic {unknown}
 h - a potion of flight {unknown}
 m - a potion of curing {unknown}
 o - a potion of heal wounds {unknown}
 q - a potion of brilliance {unknown}
 s - a potion of haste {unknown}
Comestibles
 c - 2 bread rations
 i - 3 meat rations
 l - a slice of pizza
 p - 8 chunks of flesh


   Skills:
 - Level 4.2 Fighting
 - Level 4.0 Axes
 - Level 0.4 Throwing
 - Level 2.7 Armour
 - Level 2.4 Dodging
 + Level 5.7 Shields


You had 4 spell levels left.
You didn't know any spells.

Dungeon Overview and Level Annotations

Branches:
Dungeon (3/15)

Altars:
Elyvilon
Kikubaaqudgha
Makhleb
Yredelemnul


Innate Abilities, Weirdness & Mutations

You reflexively headbutt those who attack you in melee.
You have a pair of horns on your head.


Message History

You barely miss the orc warrior.
The jackal barks!
You headbutt the orc warrior.
The orc warrior is moderately wounded.
You closely miss the jackal. You hit the orc. The jackal barely misses you.
The orc warrior hits you with a hand axe!
* * * LOW HITPOINT WARNING * * *
The jackal bites you but does no damage.
The orc barely misses you. The jackal barely misses you.
A jackal comes into view.
Your skin crawls.
You feel resistant to hostile enchantments.
You are feeling hungry.
The jackal barely misses you. The orc completely misses you.
You furiously retaliate!
You headbutt the orc.
You kill the orc!
Trog accepts your kill.
The jackal bites you but does no damage.
The orc warrior hits you with a hand axe!
You die...

#........#
#........#
##.#####.#
#........# ###
#.####
#........#
#.)..#
#..........
####.#
#.......... #.#
######.#...
#.#########
#.#...
###..........
..####
#....@o.#### ###
.......hho......
####.......#####
##......h.
#.#####... #.
..... #. ####


You could see an orc warrior, an orc and 3 jackals.

Vanquished Creatures
  An ogre (D:6)
  A jelly (D:6)
  An iguana (D:6)
  4 adders
  2 dart slugs
  4 orcs
  4 bats
  2 giant cockroaches
  6 goblins
  3 hobgoblins
  2 jackals (D:1)
  A kobold (D:1)
  2 quokkas
  4 frilled lizards
  4 rats
41 creatures vanquished.

Notes
Turn   | Place    | Note
-------+----------+-------------------------------------------
     0 | D:1      | shmeve the Minotaur Berserker began the quest for the Orb.
     0 | D:1      | Reached XP level 1. HP: 19/19 MP: 0/0
   204 | D:1      | Reached XP level 2. HP: 13/27 MP: 1/1
   842 | D:2      | Found an ancient bone altar of Kikubaaqudgha.
   944 | D:2      | Found a basalt altar of Yredelemnul.
  1333 | D:2      | Found a white marble altar of Elyvilon.
  1341 | D:2      | Reached skill level 1 in Shields
  1341 | D:2      | Reached XP level 3. HP: 6/33 MP: 2/2
  1360 | D:2      | HP: 1/33 [poisoned by an adder]
  1737 | D:2      | Reached ** piety under Trog
  1997 | D:2      | Reached skill level 2 in Shields
  2446 | D:3      | Found a burning altar of Makhleb.
  2446 | D:3      | Noticed a green death
  2523 | D:3      | Reached XP level 4. HP: 29/40 MP: 3/3
  2537 | D:3      | Reached skill level 3 in Shields
  2606 | D:3      | You fall through a shaft for 3 floors!
  2678 | D:6      | Noticed an ogre
  2682 | D:6      | Killed an ogre
  2682 | D:6      | Reached skill level 5 in Shields
  2682 | D:6      | Reached XP level 5. HP: 29/46 MP: 4/4
  2694 | D:6      | Noticed an orc warrior
  2699 | D:6      | Slain by an orc warrior

Skill      XL: |  1  2  3  4 |
---------------+-------------+-----
Fighting       | 4 |  4.2
Axes           | 4 |  4.0
Shields        | 1 2 5 |  5.7
Throwing       | |  0.4
Armour         | |  2.7
Dodging        | |  2.4

Action                   |  1- 3 |  4- 6 || total
-------------------------+-------+-------++-------
Melee: Hand axe          |    95 |     9 ||   104
       Headbutt          |    11 |     7 ||    18
       War axe           |       |     8 ||     8
Invok: Berserk           |       |     1 ||     1
       Trog's Hand       |       |     1 ||     1
  Eat: Chunk             |     5 |     1 ||     6
Armor: Animal skin       |    13 |     3 ||    16
Dodge: Dodged            |    60 |    15 ||    75
